 Dungeon Crawl Stone Soup version 0.27.1-15-g792fb953b9 (webtiles) character file.

Game seed: 11518102240202590973

37 Joey1 the Shield-Bearer (level 3, -3/24 HPs)
             Began as a Gargoyle Fighter on Nov 18, 2021.
             Slain by Sigmund (5 damage)
             ... on level 2 of the Dungeon.
             The game lasted 00:02:20 (1264 turns).

Joey1 the Shield-Bearer (Gargoyle Fighter)          Turns: 1264, Time: 00:02:20

Health: -3/24      AC: 14    Str: 20    XL:     3   Next: 39%
Magic:  3/3        EV:  3    Int:  8    God:
Gold:   32         SH:  9    Dex:  9    Spells: 2/2 levels left

rFire    . . .     SeeInvis .   a - +0 flail
rCold    . . .     Faith    .   c - +0 kite shield
rNeg     + . .     Spirit   .   h - +0 plate armour
rPois    ∞         Reflect  .   (no helmet)
rElec    +         Harm     .   (no cloak)
rCorr    .         Rampage  .   (no gloves)
Will     .....                  (no boots)
Stlth    ..........             (no amulet)
HPRegen  0.08/turn              (no ring)
MPRegen  0.08/turn              (no ring)

@: no status effects
A: sickness immunity, AC +3, negative energy resistance 1, electricity
resistance, torment resistance 1, petrification resistance
a: no special abilities


You were on level 2 of the Dungeon.
You visited 1 branch of the dungeon, and saw 2 of its levels.

You collected 32 gold pieces.

Inventory:

Hand Weapons
 a - a +0 flail (weapon)
Armour
 b - a +0 scale mail
 c - a +0 kite shield (worn)
 h - a +0 plate armour (worn)
Scrolls
 g - a scroll of immolation {unknown}
 i - a scroll of enchant armour {unknown}
Potions
 d - a potion of might
 e - a potion of heal wounds {unknown}
 f - a potion of brilliance {unknown}
 j - a potion of curing {unknown}
 k - a potion of haste {unknown}


   Skills:
 + Level 3.7 Fighting
 + Level 2.4 Maces & Flails
 + Level 3.7 Armour
 + Level 3.7 Shields


You had 2 spell levels left.
You didn't know any spells.
Your spell library was empty.

Dungeon Overview and Level Annotations

Branches:
Dungeon (2/15)

Altars:

Annotations:
D:2 Sigmund


Innate Abilities, Weirdness & Mutations

You are immune to sickness and miasma.
Your stone body is resilient. (AC +3)
You are immune to poison.
You resist negative energy. (rN+)
You are resistant to electric shocks. (rElec)
You are resistant to unholy torment.
You are immune to petrification.


Message History

Sigmund shouts!
Sigmund casts a spell at you.
The puff of flame hits you but does no damage.
Sigmund is nearby!
Sigmund hits you but does no damage.
You closely miss Sigmund. Sigmund barely misses you.
You hit Sigmund.
Sigmund is lightly wounded.
Sigmund hits you but does no damage.
You closely miss Sigmund.
Sigmund is lightly wounded.
Sigmund hits you with a +0 scythe!
You hit Sigmund.
Sigmund is lightly wounded.
Sigmund gestures at you while chanting. You resist with significant effort.
You closely miss Sigmund.
Sigmund is lightly wounded.
You block Sigmund's attack.
You sock Sigmund!
Sigmund is heavily wounded.
Sigmund hits you but does no damage.
Your plate armour prevents you from hitting Sigmund.
Sigmund is heavily wounded.
You block Sigmund's attack.
You barely miss Sigmund.
Sigmund is heavily wounded.
Sigmund casts a spell at you. The magic dart hits you.
Sigmund hits you but does no damage.
You closely miss Sigmund.
Sigmund is heavily wounded.
You block Sigmund's attack.
You closely miss Sigmund.
Sigmund is heavily wounded.
Sigmund hits you with a +0 scythe!
* * * LOW HITPOINT WARNING * * *
You hit Sigmund.
Sigmund is severely wounded.
Sigmund hits you with a +0 scythe.
You die...

.. ..# ##.# # ...
... #.## #.# ###.#
#..###.###.#.#
#..........#.#.#
#........#......
#@#.##.#.#.#.#.###
#@#.##.#.#.#.#.#..
#.#..#.#.#.#.#.#.#
#............#.#.#
####...#.###.#.#.#
..................
#####..#.#####.#.#
#..#.# ..#.#..
##.#.# #.#.#.#


You could see Sigmund.

Vanquished Creatures
  3 endoplasms
  A giant cockroach (D:1)
  2 goblins (D:1)
  3 hobgoblins
  4 jackals (D:1)
  3 quokkas (D:1)
  A ball python (D:1)
  7 bats (D:1)
  3 frilled lizards
  2 kobolds (D:1)
  5 rats (D:1)
34 creatures vanquished.

Vanquished Creatures (others)
  A plant (D:1)
1 creature vanquished.

Grand Total: 35 creatures vanquished

Notes
Turn   | Place    | Note
-------+----------+-------------------------------------------
     0 | D:1      | Joey1 the Gargoyle Fighter began the quest for the Orb.
     0 | D:1      | Reached XP level 1. HP: 14/14 MP: 1/1
   110 | D:1      | Found a faded altar of an unknown god.
   116 | D:1      | Reached XP level 2. HP: 19/19 MP: 2/2
   397 | D:1      | Reached XP level 3. HP: 22/23 MP: 3/3
  1252 | D:2      | Noticed Sigmund
  1264 | D:2      | Slain by Sigmund

Illustrated notes

Levels and vault maps discovered:
D:1:      erik_arrival_cave_to_civilisation [erik_arrival_cave_to_hall],
          layout_basic, serial_forest, infiniplex_forest_clump_small,
          infiniplex_forest_end_2, infiniplex_forest_corner_1,
          infiniplex_forest_clump_medium, infiniplex_forest_clump_diagonal,
          infiniplex_forest_clump_small, infiniplex_forest_lined_room_2,
          infiniplex_forest_lined_corner, shapermc_ecumenical_altar_mp_highgroup
D:2:      minmay_angry_zag, layout_basic, hangedman_decor_slide_cut,
          amethyst_killhole, minmay_tetromino_i2, uniq_sigmund

Action                   || total
-------------------------++-------
Melee: Flail             ||   104
Armor: Scale mail        ||    62
       Plate armour      ||    12
Dodge: Dodged            ||    40
Block: Kite shield       ||    62
